Map: [ESL] Glittering Ashes

Players

HeroMarine

  • Race: Terran Terran

Solar - Winner!

  • Race: Zerg Zerg

Event: IEM Katowice 2022

VOD

Have the link to the VOD?

Description

Time

  • Played on: Feb. 26, 2022, 1:59 p.m.
  • Length: 13:53

All games in this series

Show
View Real Time Build Order
Export as new Build Order

HeroMarine Terran 

Build Orders: Reaper Expand 

Get SALT Encoding   

  12  0:00  SCV  
  13  0:12  SCV  
  14  0:17  Supply Depot  
  14  0:24  SCV  
  15  0:38  SCV  
  15  0:40  Barracks  
  16  0:43  Refinery  
  16  0:50  SCV  
  17  1:02  SCV  
  18  1:15  SCV  
  19  1:27  Reaper, Orbital Command  
  20  1:39  Command Center  
  20  1:47  Supply Depot  
  20  1:53  SCV  
  21  1:59  Marine  
  22  2:05  SCV  
  22  2:07  Factory  
  23  2:17  SCV  
  23  2:20  Barracks Reactor  
  24  2:29  SCV  
  25  2:41  SCV  
  26  2:47  Command Center  
  25  2:54  Barracks  
  25  2:55  Orbital Command  
  25  3:00  Hellion  
  25  3:03  SCV  
  28  3:08  Hellion  
  28  3:09  Barracks Tech Lab  
  30  3:15  SCV  
  31  3:20  SCV  
  31  3:22  Hellion  
  34  3:27  SCV  
  34  3:32  SCV, Marine  
  34  3:34  Stimpack  
  39  3:40  SCV  
  40  3:45  SCV  
  40  3:46  Refinery  
  39  3:49  Marine x2  
  39  3:50  Marine  
  39  3:52  SCV, Starport  
  43  3:57  SCV  
  43  3:59  Refinery  
  43  4:00  Orbital Command  
  44  4:03  Factory Reactor  
  44  4:04  SCV  
  44  4:06  Marine  
  44  4:07  Marine  
  44  4:08  Marine  
  44  4:09  SCV  
  49  4:16  SCV  
  50  4:20  Supply Depot  
  50  4:21  SCV  
  51  4:24  Marine  
  51  4:25  Marine  
  51  4:26  SCV, Marine  
  51  4:28  SCV  
  56  4:33  SCV  
  56  4:37  Supply Depot  
  56  4:38  SCV  
  58  4:41  SCV  
  58  4:42  Marine  
  58  4:43  Marine, Medivac x2  
  58  4:44  Marine  
  58  4:45  SCV  
  67  4:50  SCV  
  68  4:53  Engineering Bay  
  68  4:54  Factory Tech Lab  
  68  4:55  Engineering Bay  
  68  4:59  Refinery  
  68  5:00  Barracks, Marine, Orbital Command  
  68  5:03  SCV x2  
  68  5:05  Marine  
  68  5:06  Marine  
  73  5:15  SCV x2  
  73  5:19  Marine  
  73  5:20  Terran Infantry Armor Level 1  
  73  5:21  Supply Depot, Terran Infantry Weapons Level 1  
  76  5:23  Marine  
  76  5:26  Starport Reactor  
  77  5:28  Supply Depot  
  77  5:42  Marine x2  
  77  5:43  SCV x3, Siege Tank  
  77  5:45  Supply Depot  
  85  5:50  Marine, Combat Shield  
  85  5:52  Supply Depot  
  85  5:55  SCV x3  
  89  5:58  Marine x2  
  89  6:00  Marine x2  
  93  6:06  Supply Depot, Medivac x2  
  93  6:07  SCV, Marine  
  93  6:08  SCV  
  93  6:09  SCV  
  101  6:15  Siege Tank  
  101  6:16  Marine x2  
  106  6:20  SCV x2  
  106  6:21  Marine  
  109  6:26  Supply Depot  
  109  6:27  Supply Depot, Marine x2  
  109  6:30  Supply Depot, SCV  
  112  6:34  Marine x2, Armory  
  112  6:39  Marine  
  115  6:41  Medivac x2  
  115  6:44  SCV x2  
  115  6:45  Marine  
  122  6:49  Siege Tank  
  122  6:51  Barracks  
  122  6:52  Barracks, Marine  
  127  6:54  SCV, Marine  
  127  6:55  Marine  
  127  6:57  Marine  
  130  7:03  Marine  
  130  7:05  SCV x2, Refinery x2  
  130  7:06  SCV  
  130  7:08  Supply Depot  
  134  7:09  Supply Depot  
  134  7:10  Marine  
  134  7:12  Marine  
  134  7:13  Marine  
  134  7:15  Marine  
  138  7:18  Medivac x2  
  138  7:20  SCV x2  
  138  7:22  SCV  
  141  7:27  Marine  
  141  7:28  Marine  
  139  7:30  Marine x2  
  139  7:32  SCV  
  139  7:33  SCV, Marine  
  144  7:39  Barracks Reactor x2  
  144  7:45  Marine  
  144  7:46  Terran Infantry Weapons Level 2  
  144  7:51  Marine x4  
  147  7:54  Siege Tank  
  152  7:58  Medivac  
  152  7:59  Medivac  
  152  8:03  Marine  
  157  8:08  Marine  
  157  8:09  Marine  
  157  8:15  SCV  
  157  8:16  SCV x2  
  157  8:19  Marine x3  
  139  8:20  Marine  
  139  8:21  Marine x2  
  139  8:26  Marine x2  
  137  8:28  Marine  
  137  8:33  Command Center  
  137  8:34  Factory  
  122  8:36  Medivac x2  
  122  8:37  Widow Mine, Marine x3  
  122  8:38  Marine x2  
  122  8:39  SCV, Marine  
  122  8:40  Terran Infantry Armor Level 2  
  135  8:43  Supply Depot  
  135  8:44  Marine x2  
  135  8:46  SCV, Marine  
  139  8:50  SCV  
  139  8:51  SCV  
  139  8:55  Marine x3  
  144  8:56  Marine x2  
  144  8:57  Marine  
  144  9:01  Marine  
  144  9:02  Marine  
  148  9:04  Widow Mine, Drilling Claws, Marine  
  151  9:12  Marine  
  151  9:13  Marine x2  
  151  9:14  Marine x2  
  151  9:15  Marine  
  157  9:17  Liberator  
  157  9:18  Factory Reactor  
  157  9:19  Marine  
  157  9:20  Marine, Liberator  
  157  9:22  Marine  
  166  9:30  Marine x2  
  166  9:31  Marine  
  168  9:32  Marine x3  
  168  9:33  SCV  
  168  9:34  SCV  
  173  9:41  SCV, Marine  
  173  9:45  Widow Mine  
  173  9:48  Marine x5  
  173  9:49  Marine  
  179  9:52  Barracks  
  179  9:54  Barracks x2, Marine x2  
  181  10:00  Marine  
  181  10:06  Widow Mine x3, Marine x5  
  193  10:14  Marine x2  
  193  10:15  Marine  
  193  10:18  Ghost Academy  
  196  10:25  Marine  
  196  10:38  SCV, Terran Infantry Weapons Level 3  
  196  10:39  SCV  
  196  10:40  Widow Mine, SCV, Marauder  
  173  10:44  Barracks Tech Lab  
  173  10:45  Barracks Tech Lab x2  
  173  10:47  Widow Mine x2  
  163  10:50  Marine x2  
  163  10:51  Marine x5  
  163  10:52  Medivac x2  
  163  10:55  Marine  
  175  11:01  Planetary Fortress  
  175  11:02  Marauder  
  175  11:03  Marauder  
  177  11:06  Marauder x2  
  177  11:08  Marine x2  
  177  11:09  Marine  
  181  11:11  Marine x2  
  183  11:23  Marauder  
  183  11:24  Marauder  
  184  11:28  Marauder x2  
  184  11:29  Marine x2  
  184  11:30  Marine  
  189  11:33  Liberator x2  
  195  11:44  Marauder  
  195  11:46  Marauder  
  176  11:48  Ghost  
  176  11:49  Marauder  
  165  11:55  Marine x2  
  165  11:56  Marine  
  165  11:57  Marine x2  
  165  11:58  Command Center  
  165  11:59  Marine  
  168  12:02  Marine x2  
  168  12:05  Ghost  
  168  12:06  Ghost  
  173  12:10  Marine  
  173  12:13  Marine x3  
  173  12:16  Liberator x2  
  173  12:17  Ghost  
  181  12:23  Marine x3  
  181  12:27  Ghost  
  181  12:29  Concussive Shells  
  186  12:33  Ghost  
  186  12:35  Ghost  
  186  12:36  Marine x2  
  182  12:37  Marine x2  
  182  12:39  Widow Mine x2  
  182  12:40  Widow Mine, Marine x2  
  182  12:41  Marine  
  182  12:42  Marine  
  189  12:45  Ghost  
  189  12:50  Orbital Command  
  175  12:54  Marine x2  
  175  12:55  Marine  
  175  12:56  Ghost  
  151  12:58  Liberator  
  151  13:02  Ghost, Marine x2  
  151  13:03  Ghost  
  151  13:05  Widow Mine x2  
  143  13:10  Marine x3  
  143  13:12  Marine x3  
  116  13:15  Marauder  
  119  13:20  Marine x2  
  119  13:25  Orbital Command, Marauder  
  123  13:28  Marine x2  
  123  13:31  Marauder  
Show
View Real Time Build Order
Export as new Build Order

Solar Zerg - Winner!

Build Orders: Hatch First 

Get SALT Encoding   

  12  0:00  Drone  
  13  0:12  Overlord  
  13  0:17  Drone  
  14  0:31  Drone x2  
  16  0:46  Hatchery  
  15  0:51  Drone  
  15  0:54  Drone  
  17  0:57  Drone  
  18  1:08  Extractor  
  17  1:12  Spawning Pool  
  17  1:15  Drone  
  17  1:19  Drone  
  18  1:27  Drone  
  19  1:39  Drone  
  20  1:50  Drone  
  21  1:59  Queen x2, Zergling x2  
  21  2:00  Zergling x2  
  27  2:12  Metabolic Boost  
  27  2:13  Overlord  
  27  2:19  Zergling x2  
  28  2:32  Hatchery, Drone x2  
  28  2:35  Drone  
  30  2:43  Queen  
  32  2:45  Drone  
  32  2:49  Overlord  
  33  2:52  Drone  
  33  2:56  Drone  
  33  2:57  Drone  
  36  3:09  Drone x5  
  41  3:14  Queen  
  43  3:21  Overlord  
  43  3:23  Drone  
  44  3:29  Overlord  
  43  3:40  Drone  
  43  3:41  Drone  
  45  3:42  Drone x4  
  45  3:45  Queen  
  45  3:47  Drone  
  52  3:50  Queen  
  52  3:54  Overlord  
  54  3:56  Drone x4  
  54  3:58  Drone  
  59  4:05  Drone  
  59  4:06  Drone  
  59  4:09  Drone  
  62  4:12  Drone  
  62  4:16  Overlord  
  63  4:17  Drone  
  63  4:18  Extractor  
  63  4:21  Queen  
  63  4:24  Drone x6  
  66  4:27  Overlord  
  66  4:29  Zergling x4  
  73  4:36  Evolution Chamber  
  73  4:37  Drone, Evolution Chamber  
  72  4:38  Extractor  
  72  4:40  Drone  
  72  4:42  Drone  
  72  4:43  Drone x3  
  76  4:51  Drone x3  
  78  4:57  Queen  
  80  5:00  Drone x2  
  80  5:01  Overlord  
  80  5:02  Zergling x8  
  80  5:03  Zerg Ground Armor Level 1, Zerg Melee Weapons Level 1  
  80  5:04  Drone  
  87  5:11  Baneling Nest  
  87  5:12  Drone x3  
  87  5:13  Overlord  
  89  5:20  Hatchery, Extractor  
  89  5:21  Extractor  
  86  5:23  Lair, Spore Crawler  
  86  5:24  Zergling x2  
  86  5:25  Zergling x2  
  86  5:26  Zergling x2  
  86  5:27  Zergling x2  
  89  5:30  Zergling x4  
  89  5:33  Zergling x6  
  94  5:35  Zergling x6  
  94  5:37  Zergling x2  
  94  5:40  Drone x3  
  94  5:41  Drone  
  102  5:44  Overlord  
  102  5:49  Zergling x4  
  104  5:54  Drone  
  104  5:56  Baneling x7  
  104  5:57  Baneling x2  
  105  5:58  Drone  
  105  5:59  Overlord  
  105  6:04  Zergling x12  
  112  6:06  Baneling  
  112  6:07  Zergling x2  
  112  6:09  Overlord  
  113  6:13  Zergling x2  
  113  6:14  Overlord  
  113  6:15  Overlord  
  113  6:17  Overlord  
  113  6:18  Overlord  
  113  6:25  Drone  
  114  6:26  Centrifugal Hooks  
  114  6:27  Drone  
  114  6:31  Drone  
  114  6:32  Drone x3  
  119  6:35  Pneumatized Carapace  
  119  6:36  Drone x3  
  122  6:43  Overseer  
  122  6:44  Zergling x4  
  124  6:47  Zergling x2  
  124  6:48  Zergling x2  
  124  6:51  Hatchery  
  124  6:53  Zergling x2  
  125  6:56  Baneling x5  
  125  6:57  Zergling x8  
  125  6:59  Zerg Ground Armor Level 2, Zerg Melee Weapons Level 2  
  125  7:01  Zergling x10  
  131  7:05  Zergling x8  
  137  7:10  Overlord  
  137  7:13  Baneling x6  
  137  7:14  Zergling x6  
  139  7:23  Zergling x12  
  139  7:28  Zergling x10  
  142  7:37  Zergling x6  
  142  7:39  Drone x2  
  142  7:41  Drone  
  142  7:42  Hatchery, Drone  
  142  7:43  Infestation Pit  
  147  7:44  Zergling x6  
  147  7:45  Hydralisk Den  
  147  7:46  Baneling x2  
  147  7:47  Baneling x7  
  146  7:51  Zergling x12  
  146  7:52  Baneling x10  
  146  7:54  Zergling x6  
  146  7:56  Zergling x2  
  156  7:59  Drone  
  156  8:00  Drone  
  156  8:02  Drone x2  
  156  8:04  Drone  
  161  8:06  Overlord  
  155  8:13  Zergling x16  
  155  8:18  Zergling x4  
  150  8:20  Drone x2  
  150  8:21  Hive  
  150  8:22  Drone x3  
  150  8:23  Extractor  
  150  8:26  Zergling x10  
  142  8:31  Zergling x2  
  129  8:34  Baneling x4  
  129  8:35  Zergling x10  
  129  8:39  Zergling x2  
  129  8:40  Zergling x4  
  129  8:41  Lurker Den  
  135  8:42  Baneling  
  135  8:43  Baneling x12  
  135  8:46  Zergling x4  
  138  8:48  Zergling x10  
  138  8:54  Hydralisk x4  
  146  8:56  Zergling x8  
  146  8:59  Drone x2  
  146  9:01  Spore Crawler  
  146  9:02  Grooved Spines, Zergling x2, Extractor  
  151  9:04  Baneling  
  151  9:05  Zergling x2  
  151  9:06  Zergling x2  
  151  9:07  Zergling x4  
  151  9:09  Zergling x4  
  150  9:13  Drone x2  
  150  9:16  Drone  
  153  9:17  Zergling x6  
  153  9:20  Hydralisk x3  
  153  9:21  Hydralisk, Zergling x4  
  153  9:22  Zergling x2  
  167  9:25  Drone x2  
  167  9:27  Baneling  
  167  9:28  Baneling x7  
  167  9:30  Zergling x6  
  172  9:33  Zergling x2  
  172  9:34  Zergling x8  
  172  9:36  Zergling x4  
  180  9:38  Zergling x2  
  180  9:41  Drone x2  
  180  9:43  Spore Crawler  
  180  9:44  Zergling x2  
  178  9:47  Viper  
  178  9:50  Zergling x12  
  187  9:53  Adrenal Glands  
  187  9:54  Zergling x4  
  187  9:55  Overlord  
  187  9:57  Extractor  
  187  10:02  Drone x4  
  187  10:03  Drone x2, Zergling x2  
  187  10:04  Zergling x2  
  187  10:06  Zergling x2  
  187  10:07  Zergling x4  
  196  10:08  Baneling x6  
  196  10:09  Overlord  
  196  10:11  Hatchery  
  195  10:15  Muscular Augments, Seismic Spines  
  195  10:16  Zergling x8  
  195  10:18  Zergling x2  
  200  10:22  Zerg Missile Weapons Level 1  
  199  10:33  Zerg Ground Armor Level 3, Zergling x6  
  199  10:34  Zergling x20  
  199  10:36  Baneling x3  
  173  10:43  Zergling x20  
  173  10:49  Zergling x6  
  172  10:54  Zergling x12  
  177  10:57  Hydralisk x3  
  177  10:58  Zergling x2  
  184  11:05  Zergling x12  
  184  11:06  Zergling x2  
  184  11:10  Baneling x7  
  187  11:11  Overseer  
  187  11:12  Overlord  
  187  11:22  Zergling x18  
  193  11:28  Nydus Network  
  193  11:29  Overseer  
  193  11:30  Zergling x14  
  193  11:31  Baneling x3  
  193  11:32  Baneling  
  199  11:33  Baneling x4  
  199  11:36  Baneling x7  
  198  11:45  Zergling x18  
  196  11:47  Zergling x2  
  196  11:51  Zergling x6  
  196  11:54  Zergling x12  
  189  11:58  Zergling x8  
  189  12:00  Drone  
  191  12:04  Zergling x4  
  191  12:06  Zergling x6  
  196  12:09  Zergling x6  
  196  12:12  Zergling x4  
  197  12:22  Nydus Canal  
  197  12:25  Zergling x10  
  197  12:27  Hatchery, Hydralisk  
  199  12:30  Burrow  
  199  12:33  Baneling x15  
  193  12:37  Hydralisk  
  193  12:38  Hydralisk x2  
  193  12:40  Zergling x2  
  193  12:42  Zergling x2  
  193  12:43  Baneling x9  
  193  12:44  Baneling x2  
  198  12:51  Zergling x22  
  190  12:55  Zergling x2  
  190  12:56  Overseer x2, Zergling x8  
  185  12:59  Zergling x6  
  185  13:05  Zergling x8  
  176  13:08  Hydralisk  
  176  13:09  Hydralisk x5  
  176  13:12  Zergling x6  
  169  13:13  Zergling x2  
  169  13:15  Zergling x4  
  169  13:18  Hydralisk x2  
  177  13:20  Zergling x4  
  177  13:23  Baneling  
  177  13:24  Baneling x8  
  177  13:25  Zergling x2  
  177  13:26  Zergling x2  
  179  13:28  Zergling x6  
  179  13:29  Zergling x2  
  179  13:30  Zergling x2  
  179  13:32  Lurker  
  188  13:35  Baneling x4  

Tags
 
Add a new tag
Caveats
  • Supply blocks, unpowered buildings, or Contaminate may cause inaccurate times.
  • Supply counts are checked every 10 seconds.